 Dungeon Crawl Stone Soup version 0.29-a0-359-g541a27f54d (webtiles) character file.

Game seed: 15430804854869700818

749 Colgate the Skirmisher (level 8, 0/53 HPs)
             Began as a Kobold Brigand on Apr 28, 2022.
             Was a Believer of Sif Muna.
             Succumbed to an orc wizard's poison
             ... on level 4 of the Dungeon.
             The game lasted 00:09:48 (5179 turns).

Colgate the Skirmisher (Kobold Brigand)             Turns: 5179, Time: 00:09:48

Health: 0/53       AC:  8    Str: 15    XL:     8   Next: 6%
Magic:  8/8        EV: 13    Int: 14    God:    Sif Muna [**....]
Gold:   119        SH:  0    Dex: 16    Spells: 7/7 levels left

rFire   + . .      SeeInvis .   a - +2 dagger
rCold   + . .      Faith    .   (no shield)
rNeg    . . .      Spirit   .   r - +2 scale mail {rC+}
rPois   .          Reflect  .   (no helmet)
rElec   .          Harm     .   s - scarf {repulsion}
rCorr   .          Rampage  .   (no gloves)
Will    .....                   (no boots)
Stlth   +.........              x - amulet of magic regeneration
HPRegen 0.17/turn               f - +6 ring of strength
MPRegen 0.51/turn               (no ring)

@: confused, lethally poisoned (0 -> -31), ambrosia-drunk, invisible, repel
missiles
A: small, no large weapons, nightstalker 3, talons 1, fire resistance 1, high MP
1, inability to read while threatened
a: Renounce Religion, Channel Magic


You were on level 4 of the Dungeon.
You worshipped Sif Muna.
Sif Muna was pleased with you.
You visited 1 branch of the dungeon, and saw 4 of its levels.

You collected 119 gold pieces.

Inventory:

Hand Weapons
 a - a +2 dagger (weapon)
Missiles
 d - 9 poisoned darts (quivered)
 e - 3 curare-tipped darts
Armour
 b - a +0 robe
 c - a +0 cloak
 i - a +0 leather armour
 r - a +2 scale mail of cold resistance (worn)
 s - a scarf of repulsion (worn)
Magical Staves
 g - a staff of earth
Jewellery
 f - a +6 ring of strength (left hand)
 x - an amulet of magic regeneration (around neck)
Wands
 t - a wand of charming (6)
 y - a wand of acid (13) {@v1}
Scrolls
 j - a scroll of teleportation {unknown}
 k - a scroll of immolation {unknown}
 o - a scroll of fog {unknown}
 q - a scroll of amnesia {unknown}
 u - a scroll of fear {unknown}
 w - a scroll of noise {unknown}
 A - a scroll of blinking {unknown}
Potions
 h - a potion of haste {@q4}
 l - a potion of brilliance
 n - a potion of might {unknown}
 p - a potion of heal wounds {@q2}
 B - a potion of attraction {unknown}


   Skills:
 - Level 7.1 Fighting
 - Level 6.1 Short Blades
 - Level 2.1 Throwing
 - Level 4.0 Dodging
 - Level 5.3 Stealth
 + Level 1.2 Evocations


You had 7 spell levels left.
You didn't know any spells.
Your spell library contained the following spells:

 Spells                   Type           Power      Damage    Failure   Level
 Animate Skeleton         Necr           0%         N/A       77%         1
 Foxfire                  Conj/Fire      0%         2x1d4     77%         1
 Pain                     Necr           0%         1d4       77%         1
 Conjure Flame            Conj/Fire      0%         6-21      98%         3
 Inner Flame              Hex/Fire       0%         N/A       98%         3
 Vampiric Draining        Necr           0%         2d6       98%         3
 Flame Wave               Conj/Fire      0%         2d4       100%        4


Dungeon Overview and Level Annotations

Branches:
Dungeon (4/15)
 Temple: D:4-7

Altars:
Hepliaklqana
Makhleb
Ru
Sif Muna


Innate Abilities, Weirdness & Mutations

You are small and have problems with some larger weapons.
You are completely attuned to the shadows.
You have sharp toenails.
Your flesh is heat resistant. (rF+)
You have an increased reservoir of magic. (+10% MP)
You sometimes lose the ability to read scrolls when taking damage.


Message History

You feel very sick.
You hear some strange, mumbled words.
A puff of flame appears from out of thin air!
The puff of flame misses you.
You hit something.
* * * LOW HITPOINT WARNING * * *
You feel very sick. Something hits you.
* * * LOW HITPOINT WARNING * * *
You are more poisoned.
You hit something but do no damage.
* * * LOW HITPOINT WARNING * * *
You feel very sick.
You hit something but do no damage.
* * * LOW HITPOINT WARNING * * *
You feel very sick. Something hits you but does no damage.
It was a potion of heal wounds.
You feel much better.
* * * LOW HITPOINT WARNING * * *
You feel very sick. Something hits you but does no damage.
You are more poisoned.
It was a potion of invisibility.
You fade into invisibility!
* * * LOW HITPOINT WARNING * * *
You feel very sick. Something hits you but does no damage.
You are more poisoned.
It was a potion of mutation.
You feel extremely strange.
Your toenails lengthen and sharpen.
You lose the ability to read scrolls when threatened.
You feel resistant to heat.
You feel more energetic.
* * * LOW HITPOINT WARNING * * *
You feel extremely sick. Something hits you but does no damage.
You are more poisoned.
It was a potion of ambrosia.
You are confused.
You feel invigorated.
You die...

###########
##......)@.## #
##.#######{..# #
##.#..≈≈≈..#...# # ##
##.#..≈...≈..#... #
.+###.#...≈._.≈...#..
....#
.......#..≈...≈..#.#.##
......#
........#..≈≈≈..#......
......#
.........#######.......
......#
................#......
.......


There were no monsters in sight!

Vanquished Creatures
  Grinder (D:3)
  A black bear (D:4)
  A phantom (D:4)
  2 orc priests
  A hound (D:4)
  2 iguanas (D:4)
  Terence (D:2)
  3 orc wizards
  3 gnolls (D:4)
  2 adders
  2 worms (D:3)
  7 dart slugs
  8 orcs
  5 ball pythons
  6 endoplasms
  5 giant cockroaches
  11 goblins
  8 hobgoblins
  2 quokkas
  6 bats
  3 kobolds
  6 rats
86 creatures vanquished.

Notes
Turn   | Place    | Note
-------+----------+-------------------------------------------
     0 | D:1      | Colgate the Kobold Brigand began the quest for the Orb.
     0 | D:1      | Reached XP level 1. HP: 12/12 MP: 1/1
   146 | D:1      | Reached XP level 2. HP: 17/17 MP: 2/2
   369 | D:1      | Found a faded altar of an unknown god.
   489 | D:1      | Prayed at the altar of an unknown god.
   489 | D:1      | Became a worshipper of Sif Muna the Loreminder
   489 | D:1      | Reached * piety under Sif Muna
   524 | D:1      | Reached XP level 3. HP: 21/21 MP: 3/3
  1057 | D:1      | Reached skill level 5 in Short Blades
  1442 | D:2      | Reached XP level 4. HP: 12/26 MP: 4/4
  1907 | D:2      | Noticed Terence
  1911 | D:2      | Killed Terence
  1958 | D:2      | Reached skill level 3 in Fighting
  1958 | D:2      | Reached XP level 5. HP: 32/32 MP: 5/5
  1959 | D:2      | Reached ** piety under Sif Muna
  2534 | D:3      | You fall into a shaft and drop 1 floor!
  2919 | D:3      | Noticed Grinder
  2923 | D:3      | Killed Grinder
  2924 | D:3      | Reached skill level 5 in Fighting
  2924 | D:3      | Reached XP level 6. HP: 40/40 MP: 6/6
  3401 | D:3      | Found a hazy altar of Hepliaklqana.
  3473 | D:3      | Reached XP level 7. HP: 44/44 MP: 7/7
  3906 | D:3      | Found a burning altar of Makhleb.
  4258 | D:4      | Reached skill level 6 in Fighting
  4867 | D:4      | Reached skill level 7 in Fighting
  4867 | D:4      | Reached XP level 8. HP: 53/53 MP: 8/8
  5116 | D:4      | Found a sacrificial altar of Ru.
  5149 | D:4      | Reached skill level 1 in Evocations
  5175 | D:4      | HP: 2/53 [poisoned by an orc wizard]
  5178 | D:4      | Gained mutation: You have sharp toenails. [potion of
                  | mutation]
  5178 | D:4      | Gained mutation: You sometimes lose the ability to read
                  | scrolls when taking damage. [potion of mutation]
  5178 | D:4      | Gained mutation: Your flesh is heat resistant. (rF+)
                  | [potion of mutation]
  5178 | D:4      | Gained mutation: You have an increased reservoir of magic.
                  | (+10% MP) [potion of mutation]
  5179 | D:4      | Succumbed to an orc wizard's poison

Illustrated notes

Levels and vault maps discovered:
D:1:      dpeg_arrival_rhombus, layout_loops_corners, basic_ecumenical_altar,
          minmay_box_of_dots
D:2:      layout_basic, uniq_terence
D:3:      layout_basic, mainiacjoe_overflow_alcove_4, lemuel_doored_altar,
          serial_bayou_pond_c, chequers_serial_rivers_small_3, uniq_grinder
D:4:      layout_basic, nicolae_ru_awakened_eye, fountainhead,
          kennysheep_nondescript

Skill      XL: |  1  2  3  4  5  6  7  8 |
---------------+-------------------------+-----
Short Blades   | 3 4 5 6 |  6.1
Fighting       | 3 5 7 |  7.1
Dodging        | 2 4 |  4.0
Evocations     | 1 |  1.2
Throwing       | |  2.1
Stealth        | |  5.3

Action                   |  1- 3 |  4- 6 |  7- 9 || total
-------------------------+-------+-------+-------++-------
Melee: Dagger            |    52 |    89 |   191 ||   332
       Punch             |     1 |       |     1 ||     2
Throw: Dart              |       |       |    12 ||    12
  Use: Scroll            |       |     2 |       ||     2
       Potion            |       |       |     4 ||     4
 Stab: Sleeping          |    27 |     9 |     5 ||    41
Armor: Robe              |     4 |     3 |       ||     7
       Scale mail        |       |    33 |    52 ||    85
Dodge: Dodged            |    12 |    40 |    79 ||   131

Table legend: (Time is in decaauts)
 A = Elapsed time spent in this place.
 B = Non-inter-level travel time spent in this place.
 C = Inter-level travel time spent in this place.
 D = Time resting spent in this place.
 E = Time spent auto-exploring this place.
 F = Levels seen in this place.
 G = Mean time per level.
                   A        B        C        D        E       F      G
               +--------+--------+--------+--------+--------+-----+--------+
         Total |   5094 |   4891 |    203 |     13 |   4108 |   4 | 1273.5 |
       Dungeon |   5094 |   4891 |    203 |     13 |   4108 |   4 | 1273.5 |
               +--------+--------+--------+--------+--------+-----+--------+

Top non-repeatable levels by time:
     D:4: 1362 daAuts
     D:3: 1288 daAuts
     D:1: 1265 daAuts
     D:2: 1178 daAuts
